 Seeded DCSS version 0.25.1-2-g60ff931df9 (webtiles) character file.

Game seed: 10451660312662595558 (custom seed)

34 solopath the Chiller (level 3, -1/24 HPs)
             Began as a Barachi Ice Elementalist on Nov 3, 2020.
             Slain by a centaur zombie (6 damage)
             ... on level 2 of the Dungeon.
             The game lasted 00:02:50 (1420 turns).

solopath the Chiller (Barachi Ice Elementalist)     Turns: 1420, Time: 00:02:50

Health: -1/24      AC:  2    Str:  9    XL:     3   Next: 31%
Magic:  3/6        EV: 12    Int: 16    God:
Gold:   32         SH:  0    Dex: 12    Spells: 3/7 levels left

rFire    . . .     SeeInvis .   e - +0 mace
rCold    . . .     Gourm    .   (no shield)
rNeg     . . .     Faith    .   l - +0 robe {Archmagi}
rPois    .         Spirit   .   (no helmet)
rElec    .         Reflect  .   (no cloak)
rCorr    .         Harm     .   (no gloves)
MR       .....                  (no boots)
Stlth    ++........             (no amulet)
HPRegen  0.08/turn              (no ring)
MPRegen  0.10/turn              (no ring)

@: can't hop, slow
A: +LOS, swims, slowness 1, strong legs 1
a: Hop


You were on level 2 of the Dungeon.
You were not hungry.

You visited 1 branch of the dungeon, and saw 2 of its levels.

You collected 32 gold pieces.

Inventory:

Hand Weapons
 e - a +0 mace (weapon)
 k - a +0 dagger of speed
Armour
 a - a +0 robe
 l - a +0 robe of the Archmagi (worn)
Scrolls
 b - 3 scrolls of enchant armour {unknown}
 f - a scroll of fog {unknown}
 g - a scroll of teleportation {unknown}
 h - a scroll of remove curse {unknown}
 i - a scroll of identify {unknown}
 j - a scroll of noise {unknown}
Comestibles
 c - 5 rations


   Skills:
 - Level 2.1 Dodging
 + Level 2.2 Stealth
 + Level 2.6 Spellcasting
 * Level 5.5 Ice Magic


You had 3 spell levels left.
You knew the following spells:

 Your Spells              Type           Power        Failure   Level  Hunger
a - Freeze                Ice            ####         1%          1    #......
b - Frozen Ramparts       Ice            ####..       6%          3    ###....

Your spell library contained the following spells:

 Spells                   Type           Power        Failure   Level  Hunger
 Ozocubu's Armour         Chrm/Ice       ###.....     19%         3    ###....
 Hailstorm                Conj/Ice       ###.....     52%         4    #####..
 Summon Ice Beast         Ice/Summ       ###.....     52%         4    #####..


Dungeon Overview and Level Annotations

Branches:
Dungeon (2/15)

Altars:


Innate Abilities, Weirdness & Mutations

You can be seen from farther away. (+LOS)
You can swim through water.
You cover ground slowly.
You can hop short distances.


Message History

You hit the centaur zombie.
The centaur zombie is severely damaged.
The centaur zombie resists.
The wall freezes the centaur zombie.
The centaur zombie hits you.
The centaur zombie completely resists.
The wall freezes the centaur zombie but do no damage.
The centaur zombie hits you.
You hit the centaur zombie but do no damage.
The centaur zombie is severely damaged.
The frozen ramparts melt away.
The centaur zombie hits you but does no damage.
The centaur zombie hits you.
* * * LOW HITPOINT WARNING * * *
Unknown command.
You hit the centaur zombie.
The centaur zombie is severely damaged.
The centaur zombie hits you but does no damage.
You hit the centaur zombie.
The centaur zombie is almost destroyed.
The centaur zombie barely misses you. The centaur zombie hits you.
You die...

#.# # # #.
## #.# #. #
#.# .. # #.#
.. # #.# #..
# #.# #.#
#.########.#
#@Z..†.....#
#.##########
#.# #.# #.#
#.#
#.#######
###
#.......#
#..
#######.#
###.#


You could see a centaur zombie.

Vanquished Creatures
  An adder (D:2)
  2 dart slugs (D:1)
  A leopard gecko (D:1)
  A giant cockroach (D:1)
  4 goblins
  3 hobgoblins (D:1)
  2 frilled lizards
  2 kobolds (D:1)
  5 rats (D:1)
21 creatures vanquished.

Notes
Turn   | Place    | Note
-------+----------+-------------------------------------------
     0 | D:1      | solopath the Barachi Ice Elementalist began the quest for
                  | the Orb.
     0 | D:1      | Reached XP level 1. HP: 13/13 MP: 3/3
   157 | D:1      | Reached skill level 5 in Ice Magic
   210 | D:1      | Reached XP level 2. HP: 17/19 MP: 1/5
  1169 | D:2      | Reached XP level 3. HP: 24/24 MP: 6/6
  1174 | D:2      | Learned a level 3 spell: Frozen Ramparts
  1420 | D:2      | Slain by a centaur zombie

Illustrated notes

Levels and vault maps discovered:
D:1:      nicolae_arrival_washed_ashore, layout_basic, hex_large, hex_tiny
D:2:      layout_loops_ring, marbit_many_paths

Skill      XL: |  1 |
---------------+----+-----
Ice Magic      | 5 |  5.5
Stealth        | 2 |  2.2
Dodging        | |  2.1
Spellcasting   | |  2.6

Action                   || total
-------------------------++-------
Melee: Mace              ||     8
       Unarmed           ||     1
       Dagger            ||    15
 Cast: Freeze            ||    28
       Frozen Ramparts   ||     1
 Abil: Hop               ||     1
  Use: Potion            ||     1
 Stab: Sleeping          ||     3
  Eat: Chunk             ||     2
Armor: Robe              ||     7
Dodge: Dodged            ||    23
